Cogmind - Beta 16.1 @@@ ROGUE MODE // 2026.01.17 @ 10:25:25 Player: BoomBlip Result: Destroyed by B-75 Beast with Heavy Machine Gun Performance ------------- Evolutions (5) 2500 Regions Visited (8) 1600 Robots Destroyed (110) 550 Value Destroyed (4274) 4274 Prototype IDs (3) 60 Alien Tech Used (0) 0 Bonus (24) 24 TOTAL SCORE: 9008 Bonus ------- High Alert Combat Kills 24 Cogmind --------- Core Integrity 0/1000 Matter 261/300 Energy 98/100 System Corruption 12% Temperature Cool (12) Movement Core (50) Location -5/Extension Parts ------- > --- POWER (1) -------- (None) > --- PROPULSION (5) --- (None) > --- UTILITY (7) ------ Advanced Visual Processing Unit > --- WEAPON (4) ------- (None) > --- INVENTORY (5) ---- Light Ion Engine Micro Fission Core Carbon-fiber Leg Improved VSS Leg Great Axe Peak State ------------ > --- POWER ------------ Fission Core > --- PROPULSION ------- Flexi-carbon Leg Flexi-carbon Leg Flexi-carbon Leg Flexi-carbon Leg Improved VSS Leg > --- UTILITY ---------- Advanced Heat Sink Medium Storage Unit Advanced Visual Processing Unit Improved Power Shielding Improved Heavy Armor Plating Layered Medium Armor Plating > --- WEAPON ----------- Gauss Rifle KE Penetrator Mass Driver Power Sword > --- INVENTORY -------- Fission Core Fission Core Light Fission Core Improved Heat Sink Improved Signal Interpreter Improved Signal Interpreter Tesla Rifle Heavy Assault Cannon Great Axe [Rating: 82] Favorites ----------- Power Improved Ion Engine Engine Improved Ion Engine Power Core Fission Core Propulsion Aluminum Leg Leg Aluminum Leg Wheel Compact Wheel Utility Medium Storage Unit Device Improved Heat Sink Storage Medium Storage Unit Processor Advanced Visual Processing Unit Protection Light Armor Plating Weapon Heavy Assault Rifle Energy Gun Medium Laser Energy Cannon Heavy Phase Cannon Ballistic Gun Heavy Assault Rifle Ballistic Cannon Mass Driver Launcher Grenade Launcher Slashing Weapon Power Sword Build | -11 -10 -9 -8 -8 -8 -6 -5 -5 ------- Run | Yrd Mat Mat Mat Sto Rec Fac Fac Ext Slots Evolved 10 | . . 2 2 . . 4 2 . Power . | . . . . . . . . . Propulsion 3 | . . 1 . . . 2 . . Utility 5 | . . 1 1 . . 2 1 . Weapon 2 | . . . 1 . . . 1 . Parts Attached 123 | . 2 32 10 11 6 31 31 . Power 21 | . 1 7 . 2 2 4 5 . Engine 13 | . 1 7 . . 2 1 2 . Core 8 | . . . . 2 . 3 3 . Reactor . | . . . . . . . . . Propulsion 39 | . . 10 4 3 1 9 12 . Treads . | . . . . . . . . . Leg 27 | . . 10 4 3 1 9 . . Wheel 12 | . . . . . . . 12 . Hover . | . . . . . . . . . Flight . | . . . . . . . . . Utility 34 | . 1 7 4 3 1 11 7 . Device 17 | . . 3 2 2 . 7 3 . Storage 3 | . . 1 . 1 . 1 . . Processor 4 | . . . 1 . . 1 2 . Hackware . | . . . . . . . . . Protection 10 | . 1 3 1 . 1 2 2 . Artifact . | . . . . . . . . . Weapon 29 | . . 8 2 3 2 7 7 . Energy Gun 3 | . . . . . . 2 1 . Energy Cannon 1 | . . . . . . . 1 . Ballistic Gun 18 | . . 7 2 2 2 4 1 . Ballistic Cannon 5 | . . . . 1 . . 4 . Launcher 1 | . . 1 . . . . . . Special Weapon . | . . . . . . . . . Impact Weapon . | . . . . . . . . . Slashing Weapon 1 | . . . . . . 1 . . Piercing Weapon . | . . . . . . . . . Special Melee Weapon . | . . . . . . . . . Unidentified Prototypes 3 | . . 2 . 1 . . . . Parts Lost 56 | . . 4 4 2 2 18 25 1 Power 5 | . . 1 . . . 1 3 . Propulsion 20 | . . 1 3 1 1 4 10 . Utility 16 | . . . 1 1 . 7 6 1 Weapon 15 | . . 2 . . 1 6 6 . Highest Loss Streak 12 | . . 3 3 1 2 10 12 1 To Critical Strikes . | . . . . . . . . . Average Backups 8 | 6 6 7 9 10 9 8 8 5 Power 2 | 1 1 2 2 2 2 2 2 2 Propulsion 1 | 4 3 2 1 1 1 . 1 2 Utility 1 | . . . . . 1 1 1 . Weapon 3 | 1 1 2 5 5 5 3 2 1 Tool/Special . | . . . . . . . . . Unused Backups 24 | . 3 11 . 3 . 1 4 2 Power 12 | . 3 5 . 2 . 1 1 . Propulsion 1 | . . . . . . . . 1 Utility 8 | . . 6 . . . . 2 . Weapon 3 | . . . . 1 . . 1 1 Tool/Special . | . . . . . . . . . Average Slot Usage (%) 89 | . 95 94 97 99 98 80 81 11 Engine 6 | . 14 10 9 5 6 3 . . Core 1 | . . . . 3 2 2 3 . Leg 22 | . 28 31 25 26 25 22 10 . Wheel 2 | . . . . . . . 12 . Device 10 | . . 7 17 17 11 16 5 5 Storage 8 | . 14 11 9 9 9 6 4 . Processor 5 | . . . 4 9 9 7 9 5 Protection 7 | . 9 12 4 . 6 4 10 . Energy Gun 4 | . 28 4 . . . 3 1 . Ballistic Gun 13 | . . 17 26 18 24 10 8 . Ballistic Cannon 1 | . . . . 8 1 . 4 . Peak Build Rating 82 | 7 8 22 32 32 26 67 82 9 Average Rating 31 | 7 7 14 27 29 24 38 59 9 On Entrance 22 | 7 7 8 22 32 26 25 66 9 Avg Prop Armor Cover (%) 2 | . . . . . . . 2 . Naked Turns . | . . . . . . . . . Heaviest Build 70 | 12 13 28 32 31 30 43 70 1 Greatest Support 95 | 20 20 51 51 42 37 95 95 3 Greatest Overweight (x) 8 | . . . 1 . . 8 4 . Average Overweight (x) . | . . . . . . . . . Largest Inventory Capacity 10 | 8 8 10 10 10 10 10 10 5 Average Capacity 9 | 8 8 8 10 10 10 10 9 5 Most Carried 10 | 7 8 10 10 10 10 10 10 5 Average Carried 8 | 7 7 7 9 9 9 8 9 5 Final Capacity 10 | 8 8 10 10 10 10 10 5 5 Final Carried 10 | 7 7 10 10 10 10 9 5 5 Class Distribution -------------------- 35% | Scavenger-Mutant 20% | Scavenger-Tank 19% | Mutant 11% | Scavenger-Skirmisher 5% | Tank 4% | Scavenger-Gunner Dominant Class ---------------- Mutant | -10/Materials Scavenger-Mutant | -9/Materials Skirmisher | -8/Materials Scavenger-Skirmisher | -8/Storage Scavenger-Tank | -8/Recycling Scavenger-Mutant | -6/Factory Scavenger-Tank | -5/Factory Mutant | -5/Extension Resources | -11 -10 -9 -8 -8 -8 -6 -5 -5 ----------- Run | Yrd Mat Mat Mat Sto Rec Fac Fac Ext Matter Collected 3511 | 200 20 806 412 455 217 630 771 . Remotely . | . . . . . . . . . Salvage Created 4839 | . 125 1277 609 591 200 816 1221 . Parts 285 | . 12 82 34 36 12 55 54 . Haulers Intercepted 4 | . . 2 1 1 . . . . Recyclers Shooed 7 | . . 2 . 1 1 2 1 . Parts Field Recycled . | . . . . . . . . . Retrieved Matter . | . . . . . . . . . Parts Self-Destructed . | . . . . . . . . . Prevented . | . . . . . . . . . Parts Restored . | . . . . . . . . . Kills | -11 -10 -9 -8 -8 -8 -6 -5 -5 ------- Run | Yrd Mat Mat Mat Sto Rec Fac Fac Ext Combat Hostiles Destroyed 89 | . 4 27 10 14 3 13 18 . Melee 3 | . . . . . . 3 . . Guns 59 | . 4 22 10 9 2 7 5 . Cannons 13 | . . . . 5 1 . 7 . AOE 12 | . . 5 . . . 2 5 . Classes Destroyed 15 | . 2 4 3 1 . 5 . . Worker 5 | . . . 1 2 . 1 1 . Builder 5 | . . . 1 . . . 4 . Tunneler 1 | . . . . . . 1 . . Hauler 4 | . . 2 1 1 . . . . Recycler 5 | . . 1 . . 1 . 3 . Operator 1 | . . . . . . 1 . . Swarmer 15 | . 2 3 . 4 . . 6 . Grunt 40 | . 2 15 8 6 . 2 7 . Brawler 1 | . . . . 1 . . . . Duelist 2 | . . 2 . . . . . . Sentry 16 | . . 7 1 3 3 1 1 . Specialist 2 | . . . . . . 2 . . Hunter 7 | . . . 1 . . 4 2 . Programmer 5 | . . . . . . 3 2 . Heavy 1 | . . . . . . 1 . . Best Kill Streak 8 | . 2 4 7 5 3 3 8 . Combat Bots Only 6 | . 2 4 6 5 2 2 6 . Max Kills in Single Turn 3 | . 1 2 2 2 1 2 3 . Gunslinging 1 | . . 1 1 . . . . . Exploded 2 | . . 2 . . . 2 2 . Melee 1 | . . . . . . 1 . . Uniques/NPCs Destroyed . | . . . . . . . . . Combat | -11 -10 -9 -8 -8 -8 -6 -5 -5 -------- Run | Yrd Mat Mat Mat Sto Rec Fac Fac Ext Hostile Shots Fired 754 | . 17 134 90 40 40 179 251 3 Missed 223 | . 4 42 26 8 9 52 81 1 Hits 531 | . 13 92 64 32 31 127 170 2 Melee 16 | . . 8 . 3 . . 5 . Projectile 515 | . 13 84 64 29 31 127 165 2 AOE 7 | . . . . . . 5 2 . Critical Strikes 26 | . . 5 5 4 1 5 6 . Part Disruptions 2 | . . . . . . . 2 . Damage Taken 9610 | . 157 1470 1003 414 461 2432 3617 56 Core 1865 | . 8 203 132 16 60 437 963 46 Absorbed by Shields 20 | . . . . . . . 20 . Redirected to Shielding 90 | . 3 39 . . . 39 9 . Core Remaining (%) 71 | 100 96 49 . . 62 48 . . Volleys Fired 280 | . 11 94 26 30 19 48 52 . Largest 4 | . 2 2 3 3 3 3 4 . Hottest 230 | . 90 90 76 86 81 108 230 . Shots Fired 695 | . 22 180 78 90 51 120 154 . Gun 590 | . 22 176 78 61 41 119 93 . Cannon 100 | . . . . 29 10 . 61 . Launcher 5 | . . 4 . . . 1 . . Special . | . . . . . . . . . Kinetic 581 | . . 155 78 90 51 96 111 . Thermal 39 | . 11 12 . . . 1 15 . Explosive 5 | . . 4 . . . 1 . . Electromagnetic 70 | . 11 9 . . . 22 28 . Robot Hit Streak 22 | . 6 20 22 9 9 19 7 . Robot Miss Streak 8 | . 6 3 2 2 3 3 8 . Penetration Max 1 | . . . 1 1 . . 1 . Secondary Targets 7 | . . 2 4 . . 1 . . Max Gunslinging Chain 1 | . . 1 1 . . 1 . . Shots Hit Robots 492 | . 11 133 58 49 37 108 96 . Core Hits 210 | . 7 56 26 25 6 36 54 . Critical Kills 7 | . . 2 1 1 . 1 2 . Critical Parts Destroyed 5 | . . 2 . . . . 3 . Critical Strikes 20 | . 2 4 1 1 . 4 8 . Burn 2 | . 2 . . . . . . . Destroy 12 | . . 4 1 1 . 1 5 . Blast 2 | . . . . . . . 2 . Corrupt 2 | . . . . . . 1 1 . Sever 2 | . . . . . . 2 . . Melee Attacks 22 | . . . . . . 21 1 . Impact . | . . . . . . . . . Slashing 22 | . . . . . . 21 1 . Piercing . | . . . . . . . . . Sneak Attacks 1 | . . . . . . 1 . . Combat Hostiles . | . . . . . . . . . Follow-up Attacks . | . . . . . . . . . Damage Inflicted 10475 | . 144 2098 1065 1031 637 2276 3224 . Guns 6888 | . 144 1765 1065 715 465 1325 1409 . Cannons 1752 | . . . . 316 172 . 1264 . Explosions 989 | . . 333 . . . 151 505 . Melee 800 | . . . . . . 800 . . Ramming 46 | . . . . . . . 46 . Kinetic 7506 | . . 1599 1065 1031 637 1063 2111 . Thermal 922 | . 63 101 . . . 71 687 . Explosive 436 | . . 333 . . . 103 . . Electromagnetic 765 | . 81 65 . . . 239 380 . Impact . | . . . . . . . . . Slashing 800 | . . . . . . 800 . . Piercing . | . . . . . . . . . Highest Corruption 12 | . . . . . . 5 12 12 Average Corruption 5 | . . . . . . 4 5 12 Corruption Purged . | . . . . . . . . . Corruption Blocked . | . . . . . . . . . Effects 31 | . . . . . . 18 11 2 Message Errors 4 | . . . . . . 3 1 . Matter Fused 4 | . . . . . . 2 2 . Heat Flow Errors 4 | . . . . . . 2 2 . Energy Discharges 6 | . . . . . . 3 3 . Parts Rejected 1 | . . . . . . . 1 . Data Loss (minor) 3 | . . . . . . 2 1 . Data Loss (major) 2 | . . . . . . . 1 1 Misfires 2 | . . . . . . 2 . . Alerts 3 | . . . . . . 2 . 1 Weapon Failures 2 | . . . . . . 2 . . Overload Shots . | . . . . . . . . . Overflow Damage 169 | . . 28 . 3 . 31 107 . Projectiles 23 | . . . . 3 . . 20 . Explosions 115 | . . 28 . . . . 87 . Melee 31 | . . . . . . 31 . . Knockbacks 17 | . . . . 3 . . 14 . Impact 1 | . . . . . . . 1 . Kinetic 13 | . . . . 2 . . 11 . Secondary 3 | . . . . 1 . . 2 . Self-Inflicted Damage 241 | . . . . . . . 241 . Shots 5 | . . . . . . . 5 . Rammed 4 | . . . . . . . 4 . Targets Rammed 4 | . . . . . . . 4 . Kicked . | . . . . . . . . . Crushed . | . . . . . . . . . Highest Temperature 209 | . 165 108 116 69 40 149 209 . Average Temperature 39 | . 89 39 59 16 10 45 24 . Received Heat Transfer 2379 | . 57 492 621 153 171 279 594 12 Siege Activations . | . . . . . . . . . Martial Activations . | . . . . . . . . . Shielding Activations . | . . . . . . . . . Robots Disrupted . | . . . . . . . . . Combat Hostiles . | . . . . . . . . . Robots Corrupted 2 | . . . . . . 1 1 . Combat Hostiles 2 | . . . . . . 1 1 . Parts Fried 1 | . . . . . . . 1 . Impact Corruptions . | . . . . . . . . . Robots Melted . | . . . . . . . . . Combat Hostiles . | . . . . . . . . . Parts Melted 1 | . 1 . . . . . . . Heat Transferred 1412 | . 333 296 . . . 100 683 . Parts Sabotaged 2 | . . . . . . . 2 . Parts Stolen . | . . . . . . . . . Parts Stripped . | . . . . . . . . . Power Chain Reactions 5 | . . . . . . 1 4 . Alert | -11 -10 -9 -8 -8 -8 -6 -5 -5 ------- Run | Yrd Mat Mat Mat Sto Rec Fac Fac Ext Maximum Alert Level 2 | . . 1 . 1 . . 2 1 Low Security (%) 84 | 100 100 95 100 64 100 100 54 . Level 1 9 | . . 4 . 35 . . 19 100 Level 2 5 | . . . . . . . 25 . Level 3 . | . . . . . . . . . Level 4 . | . . . . . . . . . Level 5 . | . . . . . . . . . High Security . | . . . . . . . . . Max Security . | . . . . . . . . . Peak Influence 572 | . 65 247 159 311 48 78 572 268 Initial 268 | . . . 35 60 48 . 23 268 Average 100 | . 14 98 77 166 10 18 206 259 Influence Increases 3428 | . 105 809 304 441 74 428 1267 . Destroy 0b10 Robot/C 1780 | . 80 540 200 280 60 260 360 . Destroy 0b10 Robot/NC 105 | . . 15 15 15 5 15 40 . Destroy Leader 418 | . 10 164 42 52 . 90 60 . Allied During Kill 14 | . . 14 . . . . . . Successful Hack 8 | . . . . . 8 . . . Disable Machine 360 | . 15 . 15 75 . 30 225 . Anti-Garrison Action 150 | . . . . . . . 150 . Destroy Structure 203 | . . 31 2 4 1 3 162 . Partial Spotted 30 | . . . . . . 15 15 . Lose Combat Pursuer 360 | . . 45 30 15 . 15 255 . Influence Decreases 3190 | . 105 724 245 460 199 379 767 311 Entered New Map 518 | . . . 50 84 77 . 26 281 Time Decay 1504 | . 70 383 155 206 98 221 351 20 Lost Part 509 | . . 21 40 20 20 158 240 10 Lost Ally 20 | . . 20 . . . . . . Purge Threat 639 | . 35 300 . 150 4 . 150 . Squads Dispatched 22 | . . 4 2 . . 6 10 . Investigation 3 | . . 1 1 . . . 1 . Extermination 4 | . . . . . . 2 2 . Reinforcement 11 | . . 3 1 . . 4 3 . Assault 3 | . . . . . . . 3 . Garrison 1 | . . . . . . . 1 . Intercept . | . . . . . . . . . Searches Triggered . | . . . . . . . . . Construction Impeded 1 | . . 1 . . . . . . Haulers Reinforced . | . . . . . . . . . Active Scanning Responses . | . . . . . . . . . Cargo Convoy Interrupts . | . . . . . . . . . Stealth | -11 -10 -9 -8 -8 -8 -6 -5 -5 --------- Run | Yrd Mat Mat Mat Sto Rec Fac Fac Ext Distress Signals 10 | . . 4 2 3 . . 1 . Communications Jammed . | . . . . . . . . . Distress Signals . | . . . . . . . . . Times Spotted 170 | . 7 46 22 18 3 18 55 1 Peak Tracking Total 17 | . 4 5 8 5 2 3 17 1 Tactical Retreats 14 | . . 3 2 1 . 1 7 . Traps | -11 -10 -9 -8 -8 -8 -6 -5 -5 ------- Run | Yrd Mat Mat Mat Sto Rec Fac Fac Ext Traps Triggered 4 | . . 1 1 . . . 2 . Indirectly . | . . . . . . . . . Trap Hack Attempts . | . . . . . . . . . Triggered . | . . . . . . . . . Disarmed . | . . . . . . . . . Reprogrammed . | . . . . . . . . . Reused . | . . . . . . . . . Traps Extracted . | . . . . . . . . . Installed . | . . . . . . . . . Triggered . | . . . . . . . . . Machines | -11 -10 -9 -8 -8 -8 -6 -5 -5 ---------- Run | Yrd Mat Mat Mat Sto Rec Fac Fac Ext Machines Disabled 25 | . 1 . 1 5 . 2 16 . Max in Single Turn 6 | . 1 . 1 1 . 1 6 . Garrison Access 1 | . . . . . . . 1 . Machines Repaired . | . . . . . . . . . Machines Dismantled . | . . . . . . . . . Machines Sabotaged . | . . . . . . . . . Overloaded Fab Kills . | . . . . . . . . . Hacking | -11 -10 -9 -8 -8 -8 -6 -5 -5 --------- Run | Yrd Mat Mat Mat Sto Rec Fac Fac Ext Machines Accessed 23 | . 1 5 1 5 4 2 5 . Terminals 22 | . 1 5 1 5 4 2 4 . Fabricators . | . . . . . . . . . Repair Stations . | . . . . . . . . . Recycling Units . | . . . . . . . . . Scanalyzers . | . . . . . . . . . Garrison Access 1 | . . . . . . . 1 . Total Hacks 49 | . 3 14 2 12 8 2 8 . Successful 9 | . 1 2 . 2 3 . 1 . Failed 40 | . 2 12 2 10 5 2 7 . Catastrophic 18 | . . 6 . 4 1 2 5 . Database Lockouts . | . . . . . . . . . Manual 47 | . 3 14 2 13 7 2 6 . Terminals 47 | . 3 14 2 12 8 2 6 . Fabricators . | . . . . . . . . . Repair Stations . | . . . . . . . . . Recycling Units . | . . . . . . . . . Scanalyzers . | . . . . . . . . . Garrison Access 2 | . . . . . . . 2 . Terminal Hacks 9 | . 1 2 . 2 3 . 1 . Record 1 | . . . . . 1 . . . Open Door 1 | . . . . 1 . . . . Unreport Threat 7 | . 1 2 . 1 2 . 1 . Fabricator Hacks . | . . . . . . . . . Repair Station Hacks . | . . . . . . . . . Recycling Unit Hacks . | . . . . . . . . . Scanalyzer . | . . . . . . . . . Garrison Access Hacks . | . . . . . . . . . Unauthorized Hacks . | . . . . . . . . . Terminals . | . . . . . . . . . Fabricators . | . . . . . . . . . Repair Stations . | . . . . . . . . . Recycling Units . | . . . . . . . . . Scanalyzers . | . . . . . . . . . Garrison Access . | . . . . . . . . . Data Cores Recovered 1 | . . . . . . 1 . . Used . | . . . . . . . . . Hacking Detections 22 | . 1 5 1 5 3 2 5 . Full Trace Events 1 | . . . . . . . 1 . Feedback Events . | . . . . . . . . . Feedback Blocked . | . . . . . . . . . Robot Schematics Acquired . | . . . . . . . . . Robots Built . | . . . . . . . . . Authchips . | . . . . . . . . . Time . | . . . . . . . . . Total Robot Build Rating . | . . . . . . . . . Part Schematics Acquired . | . . . . . . . . . Parts Built . | . . . . . . . . . Authchips . | . . . . . . . . . Time . | . . . . . . . . . Total Part Build Rating . | . . . . . . . . . Part Studies Acquired . | . . . . . . . . . Parts Repaired . | . . . . . . . . . Time . | . . . . . . . . . Parts Recycled . | . . . . . . . . . Recycled Matter . | . . . . . . . . . Retrieved Matter . | . . . . . . . . . Retrieved Components . | . . . . . . . . . Parts Scanalyzed . | . . . . . . . . . Part Schematics Acquired . | . . . . . . . . . Parts Damaged . | . . . . . . . . . Bothacking | -11 -10 -9 -8 -8 -8 -6 -5 -5 ------------ Run | Yrd Mat Mat Mat Sto Rec Fac Fac Ext Used RIF Installer . | . . . . . . . . . Robots Hacked . | . . . . . . . . . Non-combat . | . . . . . . . . . Combat . | . . . . . . . . . Robot Hacks Applied . | . . . . . . . . . Relay Couplers Released 1 | . . . . . . . 1 . Machine Destruction 1 | . . . . . . . 1 . Fabnet Peak Effective % . | . . . . . . . . . Robots Rewired . | . . . . . . . . . Allies Hacked . | . . . . . . . . . Hacks Repelled . | . . . . . . . . . Allies | -11 -10 -9 -8 -8 -8 -6 -5 -5 -------- Run | Yrd Mat Mat Mat Sto Rec Fac Fac Ext Total Allies 1 | . . 1 . . . . . . Largest Group 1 | . . 1 . . . . . . Highest-Rated Group 30 | . . 30 . . . . . . Highest-Rated Ally 30 | . . 30 . . . . . . Total Orders . | . . . . . . . . . Ally Attacks . | . . . . . . . . . Total Damage . | . . . . . . . . . Kills . | . . . . . . . . . Allies Corrupted . | . . . . . . . . . Allies Melted . | . . . . . . . . . Intel | -11 -10 -9 -8 -8 -8 -6 -5 -5 ------- Run | Yrd Mat Mat Mat Sto Rec Fac Fac Ext Active Infowar (turns) 3298 | . . . 312 420 429 927 1158 52 Optics 3161 | . . . 175 420 429 927 1158 52 Terrain 1208 | . . . 312 420 124 352 . . Seismic 500 | . . . . . . 500 . . Robot Analysis Total . | . . . . . . . . . Derelict Logs Recovered . | . . . . . . . . . Drone Launches . | . . . . . . . . . Drone Recoveries . | . . . . . . . . . Exploration | -11 -10 -9 -8 -8 -8 -6 -5 -5 ------------- Run | Yrd Mat Mat Mat Sto Rec Fac Fac Ext Turns Passed 4993 | 8 356 1319 324 420 429 927 1158 52 Spaces Moved 3075 | 7 251 593 171 233 298 542 876 104 Core 195 | . . . . . . 7 84 104 Treads . | . . . . . . . . . Legs 2405 | 7 251 593 171 233 298 535 317 . Wheels 475 | . . . . . . . 475 . Hover . | . . . . . . . . . Flight . | . . . . . . . . . Fastest Speed 50 | 120 120 120 123 123 123 110 50 50 Average Speed 114 | 120 120 124 128 123 123 119 102 50 Slowest Speed 450 | 120 120 130 195 125 125 450 200 50 Overloaded Moves . | . . . . . . . . . Propulsion Burnouts . | . . . . . . . . . Robots Hopped . | . . . . . . . . . Potential Cave-ins . | . . . . . . . . . Cave-ins Triggered 1 | . . 1 . . . . . . Exploration Rate (%) 29 | 2 43 57 26 40 34 18 29 20 Regions Visited 8 Branch Regions 3 Pre-discovered Areas . | . . . . . . . . . Known Exits Taken . | . . . . . . . . . Unknown Exits Taken 8 | 1 1 1 1 1 1 1 1 . Scrap Searched . | . . . . . . . . . Spaces Dug . | . . . . . . . . . Terrain Destroyed 132 | . . 25 . 1 1 3 102 . Melee . | . . . . . . . . . Projectile 23 | . . . . 1 1 . 21 . AOE 109 | . . 25 . . . 3 81 . Terrain Rammed . | . . . . . . . . . Walls Destroyed . | . . . . . . . . . Machines Disabled . | . . . . . . . . . Actions | -11 -10 -9 -8 -8 -8 -6 -5 -5 --------- Run | Yrd Mat Mat Mat Sto Rec Fac Fac Ext Total 3983 | 6 286 1010 223 313 326 697 1018 104 Wait 322 | . 14 236 6 26 . 25 15 . Move 3067 | 6 250 592 170 232 297 541 875 104 Hop . | . . . . . . . . . Pick Up 47 | . 4 18 4 3 1 10 7 . Fast Attach 55 | . 1 9 2 4 2 19 18 . Attach 20 | . . 2 4 1 2 6 5 . Detach 2 | . . . . . . . 2 . Swap 62 | . 1 24 6 6 2 11 12 . Drop 96 | . 5 35 5 11 3 16 21 . Fire 280 | . 11 94 26 30 19 48 52 . Melee 22 | . . . . . . 21 1 . Ram 4 | . . . . . . . 4 . Kick . | . . . . . . . . . Crush . | . . . . . . . . . Escape Stasis 6 | . . . . . . . 6 . Rewire . | . . . . . . . . . Trap . | . . . . . . . . . Miscellaneous . | . . . . . . . . . Route ------- -11/Scrapyard -10/Materials (discovered 2 exits: *Mat / [*Min]) -9/Materials (discovered 2 exits: *Mat / [*Min]) -8/Materials (discovered 2 exits: *Sto x2) -8/Storage -8/Recycling -6/Factory -5/Factory -5/Extension History --------- Turn | Location | Event 1 | -11/Scrapyard | Discovered new exit (range 3) 9 | -11/Scrapyard | Entered Materials 39 | -10/Materials | Discovered new exit (range 6) 146 | -10/Materials | Discovered new exit (range 7) 301 | -10/Materials | Build established: Mutant 365 | -10/Materials | Entered another Materials area 365 | -9/Materials | Evolved 2 slots: Propulsion x1, Utility x1 636 | -9/Materials | Lost 3 parts (1p1n1w) 860 | -9/Materials | Crushed by falling debris 882 | -9/Materials | Botcube activated 894 | -9/Materials | Botcube completed mutation into treaded form (unarmed). 895 | -9/Materials | Build established: Scavenger-Mutant 1152 | -9/Materials | Discovered new exit (range 9) 1614 | -9/Materials | Core integrity fell below 50% 1666 | -9/Materials | Discovered new exit (range 14) 1684 | -9/Materials | Entered another Materials area 1684 | -8/Materials | Evolved 2 slots: Utility x1, Weapon x1 1735 | -8/Materials | Discovered new exit (range 11) 1942 | -8/Materials | Lost 3 parts (3n) 1997 | -8/Materials | Discovered new exit (range 10) 2008 | -8/Materials | Entered Storage 2212 | -8/Storage | Build established: Scavenger-Skirmisher 2424 | -8/Storage | Used back door to open Recycling access 2424 | -8/Storage | Discovered new exit (range 4) 2428 | -8/Storage | Entered Recycling 2823 | -8/Recycling | Build established: Scavenger-Tank 2846 | -8/Recycling | Discovered new exit (range 5) 2857 | -8/Recycling | Entered Factory 2857 | -6/Factory | Evolved 4 slots: Propulsion x2, Utility x2 3169 | -6/Factory | Lost 10 parts (1p3n2u4w) 3399 | -6/Factory | Build established: Scavenger-Mutant 3601 | -6/Factory | Lost 3 parts (2u1w) 3665 | -6/Factory | Discovered new exit (range 9) 3713 | -6/Factory | Core integrity fell below 50% 3784 | -6/Factory | Entered another Factory area 3784 | -5/Factory | Evolved 2 slots: Utility x1, Weapon x1 4319 | -5/Factory | Build established: Scavenger-Tank 4491 | -5/Factory | Noticed a derelict Sapper rigging charges 4640 | -5/Factory | Garrison activated, responded to threat 4684 | -5/Factory | First assault squad dispatched 4725 | -5/Factory | Lost 12 parts (2p4n1u5w) 4866 | -5/Factory | Lost 4 parts (2n1u1w) 4892 | -5/Factory | Core integrity fell below 50% 4895 | -5/Factory | System corruption reached 10% 4913 | -5/Factory | Core integrity fell below 20% 4933 | -5/Factory | Discovered new exit (range 19) 4942 | -5/Factory | Entered Extension 4947 | -5/Extension | Lost 5 parts (1p2n2u) 4981 | -5/Extension | Spotted B-75 Beast 4994 | -5/Extension | Destroyed by B-75 Beast with Heavy Machine Gun Last Messages --------------- 04901_ U-05 Engineer lays Concrete. 04902_ Dropped Med. Storage Unit. 04902_ U-05 Engineer lays Concrete. 04912_ Slammed into H-71 Marshal. 04912_ H-71 Marshal calls for reinforcements. 04912_ ALERT: Hostile activity reported, dispatching reinforcements to area. 04912_ Knocked back. 04913_ System corrupted: Energy discharge (-32). 04916_ Imp. Target Analyzer destroyed. 04916_ Critical hit (Blast). 04916_ Knocked back. 04916_ Acquired 1 matter. 04930_ System corrupted: Heat flow error (+238). 04933_ EXIT=FOUND LOCATION=UNKNOWN GOAL=ESCAPE 04950_ System corrupted: IFF burst signal emitted. 04990_ System corrupted: Substantial component data lost. 04994_ Adv. Heat Sink destroyed. Map ----- +----------------------------------------------------+ | ?????????????????????????????????????????????????? | | ?????????????????????????????????????????????????? | | ?????????????????????????????????????????????????? | | ?????????????????????????????????????????????????? | | ?????????????????????????????????????????????????? | | ?????????????????????????????????????????????????? | | ?????????????????????????????????????????????????? | | ?????????????????????????????????????????????????? | | ?????????????????????????????????????????????????? | | ?????????????????????????????????????????????????? | | ?????????????????????????????????????????????????? | | ?????????????????????????????????????????????????? | | ?????????????????????????????????????????????????? | | ?????????????????????????????????????????????????? | | ?????????????????????????????????????????????????? | | ?????????????????????????????????????????????????? | | ?????????????????????????????????????????????????? | | ?????????????????????????????????????????????????? | | ?????????????????????????????????????????? ??????? | | ???????????????????????????????????????? ?????? | | ?????????????????????????????????????? ?????? | | #################################### ?????? | | ????? | | u????? | | ???? | | @ ???? | | ???? | | ###################################; BB ???? | | ??????????????????????????????????????? ?????? | | ?????????????????????????????????????????????????? | | ?????????????????????????????????????????????????? | | ?????????????????????????????????????????????????? | | ?????????????????????????????????????????????????? | | ?????????????????????????????????????????????????? | | ?????????????????????????????????????????????????? | | | | | | | | | | | | | | | | | | | | | | | | | | | | | | | +----------------------------------------------------+ Best States ------------- Heat Dissipation 85 Energy Generation 18 Energy Capacity 310 Matter Stores 300 Matter Capacity 300 Sight Range 20 Terrain Scan Range 16 Terrain Scan Density 10 Armor Coverage 825 Resistance: EM 15 Core Shielding 20 Power Shielding 66 Utility Shielding 33 Phase Shifting 5 Evasion (%) 60 Targeting Accuracy 8 Target Analysis 6 Item Schematics ----------------- None Robot Schematics ------------------ None Fabricated ------------ Nothing Repaired ---------- Nothing Studied --------- None Alien Tech Used ----------------- None Achievements -------------- Bumper Bots DATA ERROR: Steam Global Achievement% For Emergencies Only Frankenstein Ghost 'Em Heavy Suspicion Organ Harvest Overwhelming Spot Them First There's More Where That Came From Challenges ------------ None Game ------ Seed ConstructMeleeThermoblaster Manual? 0 Play Time 01:14:16 Cumulative 126.0 hours Start 2026.01.16 @ 17:23:06 End 2026.01.17 @ 10:25:25 Sessions 1 Manual Loads 0 Difficulty Rogue Special Mode None Game No. 187 Rogue 170 Adventurer 15 Explorer 2 Win Type - Total 1 Types 1/0/0/0/0/0/0/0/0/0 Lore% 21 Gallery% 51 Achievement% 26 Wizard Run 0 Options --------- Layout 0 ASCII 0 Keyboard 0 Movement Arrows Keybinds 0 Fullscreen 1 Font 36/Tallcaps Map View 76x50 Zoom Use 0% Tactical HUD 1 Map Filters NONE Filters NONE Steam 1 RUN: 367eb36a-4bb1-40ef-acff-a0fd646e4ead